 Dungeon Crawl Stone Soup version 0.30-a0-924-g0ad0bf95bc (webtiles) character file.

Game seed: 9537877641827680150

294 IdlyInterested the Cudgeller (level 6, 0/44 HPs)
             Began as a Demonspawn Gladiator on Mar 22, 2023.
             Slain by Crazy Yiuf
             ... wielding a +3 quarterstaff of chaos
              (7 damage)
             ... on level 2 of the Dungeon.
             The game lasted 00:05:42 (1938 turns).

IdlyInterested the Cudgeller (Demonspawn Gladiator) Turns: 1938, Time: 00:05:45

Health: 0/44       AC: 11    Str: 16    XL:     6   Next: 11%
Magic:  6/6        EV:  7    Int: 10    God:
Gold:   134        SH:  0    Dex: 14    Spells: 5/5 levels left

rFire   . . .      SeeInvis .    a - +1 flail (venom)
rCold   . . .      Faith    .    (no shield)
rNeg    . . .      Spirit   .    f - +0 chain mail
rPois   .          Reflect  .    c - +0 helmet
rElec   .          Rampage  .    (no cloak)
rCorr   .                        (no gloves)
Will    .....                    (no boots) Stlth
                                 (no amulet)
HPRegen 0.27/turn                (no ring)
MPRegen 0.10/turn                (no ring)

@: brilliant, lethally poisoned (0 -> -19)
A: yellow scales 1, weakness stinger 1
a: no special abilities


You were on level 2 of the Dungeon.
You visited 1 branch of the dungeon, and saw 2 of its levels.

You collected 134 gold pieces.

Inventory:

Hand Weapons
 a - a +1 flail of venom (weapon)
Missiles
 d - 5 throwing nets
 e - a javelin
 h - 34 stones (quivered)
 k - 4 poisoned darts
Armour
 c - a +0 helmet (worn)
 f - a +0 chain mail (worn)
Wands
 b - a wand of roots (9)
Potions
 g - a potion of curing {unknown}
 i - a potion of cancellation
 l - a potion of brilliance


   Skills:
 + Level 2.1 Fighting
 * Level 5.3 Maces & Flails
 - Level 2.0 Throwing
 - Level 2.0 Armour
 - Level 2.6 Dodging
 - Level 1.0 Stealth
 - Level 1.0 Shields
 - Level 1.0 Evocations


You had 5 spell levels left.
You didn't know any spells.
Your spell library contained the following spells:

 Spells                   Type           Power      Damage    Failure   Level
 Sandblast                Erth           0%         2d4       100%        1
 Passwall                 Tmut/Erth      0%         N/A       100%        2
 Stone Arrow              Conj/Erth      0%         3d7       100%        3


Dungeon Overview and Level Annotations

Branches:
Dungeon (2/15)

Altars:

Annotations:
D:2 Crazy Yiuf


Innate Abilities, Weirdness & Mutations

You are partially covered in yellow scales. (AC +2)
You have a small tail.


Message History

Things that are here:
a +0 scythe of freezing; a +0 robe
There is a shaft here.
There is a stone staircase leading up here.
Crazy Yiuf shouts!
You open the door. You barely miss Crazy Yiuf. You tail-slap Crazy Yiuf.
Crazy Yiuf is lightly wounded.
Crazy Yiuf closely misses you.
Crazy Yiuf hits you with a +3 quarterstaff of chaos!
You closely miss Crazy Yiuf.
Your tail-slap misses Crazy Yiuf.
Crazy Yiuf is lightly wounded.
Crazy Yiuf hits you but does no damage.
You barely miss Crazy Yiuf.
Crazy Yiuf is lightly wounded.
Crazy Yiuf hits you with a +3 quarterstaff of chaos.
Crazy Yiuf burns you.
You hit Crazy Yiuf.
Crazy Yiuf is moderately wounded.
Crazy Yiuf closely misses you.
You hit Crazy Yiuf but do no damage.
Crazy Yiuf is moderately wounded.
Crazy Yiuf hits you but does no damage.
You barely miss Crazy Yiuf.
Crazy Yiuf is moderately wounded.
Crazy Yiuf hits you with a +3 quarterstaff of chaos!
You are poisoned.
You closely miss Crazy Yiuf.
Crazy Yiuf is moderately wounded.
You feel very sick.
Crazy Yiuf hits you with a +3 quarterstaff of chaos!
* * * LOW HITPOINT WARNING * * *
You are more poisoned.
It was a potion of brilliance.
You feel clever all of a sudden.
* * * LOW HITPOINT WARNING * * *
You feel very sick.
Crazy Yiuf glowers.
Crazy Yiuf hits you with a +3 quarterstaff of chaos!
You die...

[..# #.# ##.# ##.###### #.#
#.......# #.###..###### ########
#..##...# #....... ##......##
♣♣♣♣♣###.#####. ...###.###
###**♣♣♣.♣..+.#.#####. #### #...#
#...#♣..♣.P........##. .# #.###
#...g@♣♣♣♣............ .# #.###
#)..#♣♣ ♣♣.+.......#. .# #...#
###** ♣♣##........ .# #####
#......#. .# ##### #......#.
.#####...##### #########......#.
.......###...####.....##.........
.........#...##.......#####.#####
.......#.#...##.#.....# ###.#####


You could see Crazy Yiuf.

Vanquished Creatures
  Sigmund (D:2)
  Terence (D:2)
  4 gnolls (D:2)
  4 adders (D:2)
  A worm (D:2)
  5 endoplasms
  6 goblins
  7 hobgoblins
  4 kobolds
  2 quokkas (D:1)
  5 ball pythons
  3 bats (D:2)
  4 rats
47 creatures vanquished.

Notes
Turn   | Place    | Note
-------+----------+-------------------------------------------
     0 | D:1      | IdlyInterested the Demonspawn Gladiator began the quest for
                  | the Orb.
     0 | D:1      | Reached XP level 1. HP: 16/16 MP: 1/1
   123 | D:1      | Reached skill level 1 in Armour
   124 | D:1      | Gained mutation: You are partially covered in yellow
                  | scales. (AC +2) [demonic ancestry]
   124 | D:1      | Reached XP level 2. HP: 11/22 MP: 2/2
   502 | D:1      | Reached skill level 3 in Maces & Flails
   691 | D:1      | Found a faded altar of an unknown god.
  1054 | D:2      | Reached XP level 3. HP: 26/27 MP: 3/3
  1244 | D:2      | Reached skill level 1 in Evocations
  1244 | D:2      | Gained mutation: You have a small tail. [demonic ancestry]
  1244 | D:2      | Reached XP level 4. HP: 30/33 MP: 4/4
  1321 | D:2      | Noticed Sigmund
  1326 | D:2      | Killed Sigmund
  1327 | D:2      | Reached skill level 5 in Maces & Flails
  1327 | D:2      | Reached skill level 1 in Shields
  1327 | D:2      | Reached XP level 5. HP: 38/38 MP: 5/5
  1423 | D:2      | Noticed Terence
  1436 | D:2      | Killed Terence
  1496 | D:2      | Reached skill level 1 in Stealth
  1526 | D:2      | Reached XP level 6. HP: 44/44 MP: 6/6
  1625 | D:2      | Found a runed translucent door.
  1626 | D:2      | Noticed Crazy Yiuf
  1938 | D:2      | Slain by Crazy Yiuf

Illustrated notes

Levels and vault maps discovered:
D:1:      wander_arrival_lonely_grave, layout_basic,
          shapermc_ecumenical_altar_acropolis
D:2:      layout_loops_cross, uniq_crazy_yiuf_cottage, uniq_sigmund,
          uniq_terence

Skill      XL: |  1  2  3  4  5 |
---------------+----------------+-----
Armour         | 1 2 |  2.0
Maces & Flails | 3 5 |  5.3
Throwing       | 2 |  2.0
Evocations     | 1 |  1.0
Shields        | 1 |  1.0
Stealth        | 1 |  1.0
Fighting       | |  2.1
Dodging        | |  2.6

Action                     |  1- 3 |  4- 6 || total
---------------------------+-------+-------++-------
  Melee: Flail             |    88 |    55 ||   143
         Tailslap          |       |     9 ||     9
  Throw: Stone             |       |    11 ||    11
    Use: Scroll            |     5 |       ||     5
         Potion            |     2 |     1 ||     3
 Armour: Ring mail         |    43 |     9 ||    52
         Leather armour    |     3 |       ||     3
         Chain mail        |       |    20 ||    20
  Dodge: Dodged            |    70 |    24 ||    94

Table legend: (Time is in decaauts)
 A = Elapsed time spent in this place.
 B = Non-inter-level travel time spent in this place.
 C = Inter-level travel time spent in this place.
 D = Time resting spent in this place.
 E = Time spent auto-exploring this place.
 F = Levels seen in this place.
 G = Mean time per level.
                   A        B        C        D        E       F      G
               +--------+--------+--------+--------+--------+-----+--------+
         Total |   1969 |   1818 |    151 |     56 |   1266 |   2 |  984.5 |
       Dungeon |   1969 |   1818 |    151 |     56 |   1266 |   2 |  984.5 |
               +--------+--------+--------+--------+--------+-----+--------+

Top non-repeatable levels by time:
     D:1: 1129 daAuts
     D:2: 839 daAuts
